 Dungeon Crawl Stone Soup version 0.28.0-1-gb440e238dd (webtiles) character file.

Game seed: 6249256366548589274

10204 pkoi the Destroyer (level 11, -2/88 HPs)
             Began as a Red Draconian Conjurer on Feb 28, 2022.
             Was a Believer of Vehumet.
             Slain by a freezing wraith (19 damage)
             ... led by a death knight
             ... on level 11 of the Dungeon.
             The game lasted 00:23:14 (17909 turns).

pkoi the Destroyer (Red Draconian Conjurer)        Turns: 17909, Time: 00:23:15

Health: -2/88      AC:  9    Str: 10    XL:     11   Next: 33%
Magic:  2/20       EV: 13    Int: 22    God:    Vehumet [**....]
Gold:   255        SH:  0    Dex: 10    Spells: 3/22 levels left

rFire   + . .      SeeInvis .   j - staff of conjuration
rCold   . . .      Faith    .   (no shield)
rNeg    . . .      Spirit   .   (armour unavailable)
rPois   .          Reflect  .   (helmet restricted)
rElec   .          Harm     .   (no cloak)
rCorr   .          Rampage  .   (no gloves)
Will    .....                   g - +1 pair of boots
Stlth   ++........              s - amulet of regeneration
HPRegen 1.04/turn               (no ring)
MPRegen 0.17/turn               (no ring)

@: about to teleport, slowed, very slow
A: breathe fire, AC +7, unfitting armour, fire resistance 1, cold-blooded
a: Breathe Fire, Renounce Religion


You were on level 11 of the Dungeon.
You worshipped Vehumet.
Vehumet was pleased with you.
You visited 2 branches of the dungeon, and saw 12 of its levels.
You also visited: Bailey.

You collected 487 gold pieces.
You spent 232 gold pieces at shops.

Inventory:

Hand Weapons
 a - a +0 great sword
 b - a +0 club
 n - a +4 vampiric dagger
 o - the +12 hand axe of Vimm {elec, Drain Str+4 Stlth+}
   (You found it on level 7 of the Dungeon)

   It occasionally discharges a powerful burst of electricity upon striking a
   foe.
   Str:       It affects your strength (+4).
   Drain:     It drains your maximum health when unequipped.
   Stlth:     It makes you more stealthy.
Missiles
 q - 2 curare-tipped darts
Armour
 g - a +1 pair of boots (worn)
Magical Staves
 j - a staff of conjuration (weapon)
Jewellery
 r - a +4 ring of protection
 s - an amulet of regeneration (around neck)
 v - an amulet of the acrobat
Wands
 i - a wand of digging (6)
 p - a wand of flame (14)
Scrolls
 d - a scroll of teleportation
 f - 3 scrolls of identify
 u - a scroll of silence {unknown}
 w - a scroll of brand weapon
Potions
 c - 2 potions of berserk rage
 e - 3 potions of heal wounds
 h - a potion of invisibility
 k - a potion of curing
 l - a potion of might
 m - a potion of ambrosia
 t - a potion of brilliance


   Skills:
 + Level 5.5 Fighting
 - Level 2.5 Staves
 + Level 4.9 Dodging
 - Level 1.7 Stealth
 - Level 6.0 Spellcasting
 + Level 12.2 Conjurations
 - Level 6.0 Hexes
 - Level 6.0 Translocations
 - Level 2.4 Evocations


You had 3 spell levels left.
You knew the following spells:

 Your Spells              Type           Power      Damage    Failure   Level
a - Magic Dart            Conj           100%       1d8       1%          1
b - Searing Ray           Conj           100%       2d8       1%          2
c - Dazzling Flash        Conj/Hex       100%       N/A       1%          3
d - Fulminant Prism       Conj/Hex       31%        3d16      2%          4
e - Iskenderun's Mystic   Conj/Tloc      63%        2d13      2%          4
f - Iskenderun's Battles  Conj           74%        2d12      1%          5

Your spell library contained the following spells:

 Spells                   Type           Power      Damage    Failure   Level
 Foxfire                  Conj/Fire      100%       2x1d9     1%          1
 Beastly Appendage        Tmut           12%        N/A       9%          1
 Wereblood                Tmut           6%         N/A       14%         2
 Spider Form              Tmut/Pois      6%         N/A       26%         3
 Fireball                 Conj/Fire      25%        3d11      21%         5
 Orb of Destruction       Conj           37%        9d11      45%         7
 Conjure Ball Lightning   Conj/Air       25%        3x3d7     75%         6


Dungeon Overview and Level Annotations

Branches:
Dungeon (11/15)            Temple (1/1) D:7             Orc (0/2) D:9
 Bailey (visited)
   Lair: D:8-11

Altars:
Ashenzari
Cheibriados
Dithmenos
Elyvilon
Fedhas
Gozag
Hepliaklqana
Kikubaaqudgha
Makhleb
Nemelex Xobeh
Okawaru
Qazlal
Ru
Sif Muna
Trog
Uskayaw
Vehumet
Wu Jian
Xom
Yredelemnul
Zin
The Shining One
Beogh

Shops:
D:10 *


Innate Abilities, Weirdness & Mutations

You can breathe blasts of fire.
Your fiery red scales are hard. (AC +7)
You cannot fit into any form of body armour.
Your flesh is heat resistant. (rF+)
You are cold-blooded and may be slowed by cold attacks.


Message History

The mystic blast hits the freezing wraith.
The freezing wraith is heavily damaged.
The freezing wraith is knocked back by the mystic blast.
Unknown command.
A freezing wraith comes into view.
The freezing wraith barely misses you.
The freezing wraith hits you but does no damage.
The death knight offers itself to Yredelemnul, and fills with unholy energy.
Casting: Iskenderun's Mystic Blast (dangerous; 2% risk of failure)
Confirm with . or Enter, or press ? or * to list all spells.
You feel a surge of power!
You erupt in a blast of force!
The mystic blast hits the freezing wraith!
The freezing wraith is severely damaged.
The freezing wraith is knocked back by the mystic blast.
The mystic blast hits the freezing wraith but does no damage.
The freezing wraith hits you. The freezing wraith freezes you!!
You feel yourself slow down.
* * * LOW HITPOINT WARNING * * *
The freezing wraith hits you but does no damage.
You feel yourself speed up. The freezing wraith hits you!
* * * LOW HITPOINT WARNING * * *
The freezing wraith freezes you!!
* * * LOW HITPOINT WARNING * * *
The freezing wraith hits you!
* * * LOW HITPOINT WARNING * * *
The freezing wraith drains your vigour!
You feel yourself slow down. The freezing wraith barely misses you.
The freezing wraith hits you but does no damage.
As you read the scroll of teleportation, it crumbles to dust.
You feel strangely unstable. The freezing wraith barely misses you.
The freezing wraith hits you.
* * * LOW HITPOINT WARNING * * *
The freezing wraith drains your vigour!
You feel as though you will be slow longer.
The freezing wraith misses you. The freezing wraith barely misses you.
The freezing wraith hits you.
* * * LOW HITPOINT WARNING * * *
The freezing wraith freezes you!!
You die...

#?#####.#######....§
#...............#
##########.#....# ≈≈
#.#..####≈≈≈
#.#..##...≈≈
#.#..<......
#.#p.##..... #.#WW##
.#.. #.@W..# #
###....... #.>.###.#
#...# #...# #....
#..##. ..# .#


You could see a death knight (reflects damage) and 3 freezing wraiths.

Vanquished Creatures
  2 two-headed ogres (D:10)
  Pikel (D:6)
  An orc knight (Bailey)
  A troll (D:9)
  Sigmund (D:6)
  A wraith (D:9)
  8 yaks (D:9)
  3 wyverns
  A steam dragon (D:5)
  Menkaure (D:7)
  An acid dragon (D:11)
  A black bear (D:4)
  13 orc warriors
  An ice beast (D:8)
  6 necrophages
  A hornet zombie (D:8)
  2 ogres (D:5)
  5 centaurs
  3 kobold brigands
  A gnoll sergeant (D:10)
  2 bullfrogs
  A wyvern zombie (D:8)
  2 scorpions
  A water moccasin zombie (D:6)
  A water moccasin skeleton (D:7)
  A wight (D:11)
  3 howler monkeys
  An electric eel (Bailey)
  A bullfrog zombie (D:5)
  4 centaur skeletons
  3 hounds
  A jelly (D:5)
  8 centaur zombies
  6 orc priests
  Jessica (D:2)
  2 iguanas (D:4)
  A scorpion zombie (D:5)
  6 orc wizards
  A killer bee zombie (D:7)
  A hound skeleton (D:4)
  9 gnolls
  8 adders
  A white imp (D:8)
  An ufetubus (D:5)
  3 worms
  5 dart slugs
  47 orcs
  6 bats
  4 endoplasms
  5 giant cockroaches
  13 goblins
  8 hobgoblins
  7 jackals (D:1)
  4 quokkas
  7 ball pythons
  6 frilled lizards
  12 kobolds
  A quokka skeleton (D:3)
  5 rats (D:1)
  A spectral goblin (D:7)
254 creatures vanquished.

Vanquished Creatures (others)
  3 fulminant prisms
  13 fungi (D:11)
  19 plants
  6 withered plants (D:11)
41 creatures vanquished.

Grand Total: 295 creatures vanquished

Notes
Turn   | Place    | Note
-------+----------+-------------------------------------------
     0 | D:1      | pkoi the Draconian Conjurer began the quest for the Orb.
     0 | D:1      | Reached XP level 1. HP: 14/14 MP: 3/3
   476 | D:1      | Reached XP level 2. HP: 20/20 MP: 1/5
   519 | D:1      | Learned a level 2 spell: Searing Ray
   649 | D:1      | Found a faded altar of an unknown god.
  1315 | D:1      | Reached skill level 5 in Conjurations
  1334 | D:1      | Reached XP level 3. HP: 26/26 MP: 1/6
  2530 | D:2      | Learned a level 3 spell: Dazzling Flash
  2654 | D:2      | Reached XP level 4. HP: 33/33 MP: 4/7
  3119 | D:2      | Noticed Jessica
  3122 | D:2      | Killed Jessica
  3577 | D:3      | Reached skill level 1 in Hexes
  3812 | D:3      | Reached XP level 5. HP: 37/38 MP: 1/8
  3943 | D:3      | Reached skill level 6 in Conjurations
  4643 | D:4      | Found a sparkling altar of Nemelex Xobeh.
  4763 | D:4      | Reached XP level 6. HP: 42/45 MP: 1/10
  4937 | D:4      | Learned a level 4 spell: Fulminant Prism
  5131 | D:4      | Found a glowing silver altar of Zin.
  5768 | D:4      | Your scales start taking on a fiery red colour.
  5768 | D:4      | Reached XP level 7. HP: 45/50 MP: 5/11
  5768 | D:4      | Gained mutation: Your flesh is heat resistant. (rF+) [Red
                  | Draconian growth]
  5891 | D:4      | Reached skill level 7 in Conjurations
  6004 | D:4      | Identified a scroll of acquirement
  6004 | D:4      | Acquired a staff of conjuration
  6235 | D:5      | Entered Level 5 of the Dungeon
  6612 | D:5      | Reached skill level 1 in Fighting
  7122 | D:5      | Noticed a steam dragon
  7130 | D:5      | Killed a steam dragon
  7131 | D:5      | Reached XP level 8. HP: 51/61 MP: 13/13
  7651 | D:5      | Learned a level 4 spell: Iskenderun's Mystic Blast
  8134 | D:6      | Reached skill level 1 in Translocations
  8134 | D:6      | Reached skill level 1 in Evocations
  8306 | D:6      | Reached skill level 1 in Staves
  8445 | D:6      | Noticed Pikel
  8449 | D:6      | Noticed Sigmund
  8452 | D:6      | Killed Pikel
  8453 | D:6      | Reached skill level 8 in Conjurations
  8453 | D:6      | Reached skill level 5 in Hexes
  8905 | D:6      | Reached XP level 9. HP: 69/69 MP: 10/15
  9116 | D:6      | Killed Sigmund
  9394 | D:6      | Found an ancient bone altar of Kikubaaqudgha.
  9776 | D:7      | Noticed Menkaure
  9778 | D:7      | Killed Menkaure
  9832 | D:7      | Identified the +12 hand axe of Vimm {elec, Drain Str+4
                  | Stlth+}
 10057 | D:7      | Found a glowing golden altar of the Shining One.
 10353 | D:7      | Found a staircase to the Ecumenical Temple.
 10358 | Temple   | Entered the Ecumenical Temple
 10505 | D:7      | Identified the +8 longbow of Emigory {vorpal, rC++}
 11165 | D:7      | Found a hazy altar of Hepliaklqana.
 11694 | D:8      | Found a flagged portal.
 11709 | Bailey   | Entered a bailey
 11901 | Bailey   | Reached skill level 9 in Conjurations
 11904 | Bailey   | Reached skill level 5 in Spellcasting
 12353 | Bailey   | Acquired a book of the Spheres
 12375 | Bailey   | Noticed an orc knight
 12377 | Bailey   | Noticed a kobold demonologist
 12378 | Bailey   | Identified the +5 ring mail of the Hills {rCorr}
 12379 | Bailey   | Noticed an orc sorcerer
 12386 | Bailey   | Killed an orc knight
 12387 | Bailey   | Reached skill level 5 in Translocations
 12387 | Bailey   | Reached XP level 10. HP: 78/78 MP: 3/18
 12390 | Bailey   | Noticed a soul eater
 13160 | D:8      | Learned a level 5 spell: Iskenderun's Battlesphere
 13462 | D:8      | Identified the +2 chain mail "Gostacs" {rN+ Int+3}
 13989 | D:8      | Found a basalt altar of Yredelemnul.
 14082 | Temple   | Became a worshipper of Vehumet
 14373 | D:9      | Reached skill level 10 in Conjurations
 14990 | D:9      | Found a shimmering blue altar of Sif Muna.
 14990 | D:9      | Found a hide-covered altar of Uskayaw.
 15337 | D:9      | Reached skill level 11 in Conjurations
 15466 | D:9      | Found a staircase to the Orcish Mines.
 15693 | D:9      | Reached * piety under Vehumet
 15693 | D:9      | Offered knowledge of Sandblast by Vehumet.
 16414 | D:10     | Entered Level 10 of the Dungeon
 16414 | D:10     | Found Obluajievi's Assorted Antiques.
 16455 | D:10     | Bought a scroll labelled YFUNKU VOAGAI for 29 gold pieces
 16455 | D:10     | Bought a lumpy citrine amulet for 145 gold pieces
 16455 | D:10     | Bought a scroll labelled DENAYF SIYR for 29 gold pieces
 16455 | D:10     | Bought a scroll labelled TIUTIXZ BONU for 29 gold pieces
 16509 | D:10     | Found a stormy altar of Qazlal.
 16847 | D:10     | Noticed a two-headed ogre
 16859 | D:10     | Killed a two-headed ogre
 16860 | D:10     | Reached XP level 11. HP: 73/85 MP: 14/20
 16931 | D:10     | Noticed a two-headed ogre
 16936 | D:10     | Killed a two-headed ogre
 17516 | D:11     | Offered knowledge of Foxfire by Vehumet.
 17517 | D:11     | Reached ** piety under Vehumet
 17518 | D:11     | Reached skill level 12 in Conjurations
 17625 | D:11     | Reached skill level 5 in Fighting
 17899 | D:11     | Noticed a death knight
 17909 | D:11     | Slain by a freezing wraith

Illustrated notes

Levels and vault maps discovered:
D:1:      mushboom_english_gardens, layout_loops_ring,
          hellmonk_ecumenical_altar_run_dry, serial_co_window_serial,
          co_window_of_opportunity_a, co_window_corner_a, co_window_corner_a,
          co_window_of_opportunity_a, co_window_paths_b, co_window_corner_cb,
          co_window_2corner, co_window_broadway_b, co_window_cross_4,
          co_window_paths_e, co_window_sun, glass_columns_b, glass_columns_c,
          glass_columns_b, glass_columns_a
D:2:      layout_basic, minmay_misc_feat_nine_boxes, uniq_jessica
D:3:      layout_rooms
D:4:      layout_rooms, mainiacjoe_overflow_surrounded_room,
          amcnicky_altar_gilded, chequers_serial_rivers_small_b,
          minmay_crossroads
D:5:      layout_loops_ring
D:6:      layout_basic, mainiacjoe_overflow_boulevard, st_stairs_11,
          hangedman_decor_clover_reticule, uniq_sigmund, uniq_pikel
D:7:      layout_cave_pods, nicolae_hepliaklqana_monster_ancestors,
          tso_oasis_becter, temple_doors_e, uniq_menkaure
D:8:      layout_layer_cave, lemuel_zombie_altar_yredelemnul,
          lightli_bailey_entry_fortress, hex_medium
D:9:      layout_loops_ring, mainiacjoe_overflow_divided_tiny, david_orc_5
D:10:     layout_roguey, mainiacjoe_overflow_cross_hatched,
          nicolae_stop_n_shop_1, kennysheep_cross_room
D:11:     kennysheep_blocky_hall, layout_loops_ring,
          grunt_lair_entry_orc_guard_hut, serial_undead, serial_undead_c,
          serial_undead_f, serial_undead_c, serial_undead_e, serial_undead_f,
          serial_undead_d, grunt_tough_drop, uniq_erolcha
Temple:   dshaligram_water_room_temple

Skill      XL: |  1  2  3  4  5  6  7  8  9 10 11 |
---------------+----------------------------------+-----
Conjurations   | 5 6 7 8 9 11 12 | 12.2
Hexes          | 1 2 3 4 5 6 |  6.0
Spellcasting   | 3 4 5 6 |  6.0
Fighting       | 1 3 4 5 |  5.5
Dodging        | 2 3 4 |  4.9
Translocations | 2 5 6 |  6.0
Evocations     | 1 2 |  2.4
Staves         | 1 2 |  2.5
Stealth        | |  1.7

Action                   |  1- 3 |  4- 6 |  7- 9 | 10-12 || total
-------------------------+-------+-------+-------+-------++-------
Melee: Club              |    33 |     6 |       |       ||    39
       Unarmed           |     4 |       |       |       ||     4
       Tailslap          |     3 |     2 |     5 |     2 ||    12
       Great sword       |       |     5 |     1 |       ||     6
       Staff             |       |       |    37 |    20 ||    57
       Punch             |       |       |     1 |       ||     1
 Cast: Magic Dart        |    72 |   132 |   140 |    88 ||   432
       Searing Ray       |     1 |     3 |    28 |    19 ||    51
       Fulminant Prism   |       |       |     2 |     1 ||     3
       Iskenderun's Batt |       |       |       |    18 ||    18
       Iskenderun's Myst |       |       |       |    22 ||    22
       Dazzling Flash    |       |       |       |     1 ||     1
 Abil: Breathe Fire      |       |       |    16 |    13 ||    29
Evoke: Wand              |       |       |       |     3 ||     3
  Use: Scroll            |     3 |     6 |     7 |     7 ||    23
Armor: Skin              |    26 |    19 |    54 |    46 ||   145
Dodge: Dodged            |    39 |    36 |    98 |    74 ||   247
